AoeStats
← marzzzel1337

Arena

508482037Analyzed
4v4 RM · 9d ago on Sep 22, 2026· 45m 11s· 8 players
Game mode
Random Map
Map size
Large (8 player)
Population
200
Speed
Normal
Resources
Standard
Victory
Conquest
Starting age
Dark Age
Ending age
Imperial Age
RankedLock teamsTeams togetherTeam positionsShared explorationLock speedFull tech treeHidden civsTurbo modeCheats
Victory
Defeat
🇧🇪 Danes · Belgium
1027
+13
🇧🇪 Inca · Belgium
963
+15
🇮🇳 Britons · India
896
+18
🇧🇷 Khmer · Brazil
873
+19
🇲🇽 Magyars · Mexico
998
-18
🇷🇺 Slavs · Russia
941
-16
🇬🇧 Teutons · United Kingdom
933
-16
🇩🇪 Franks · Germany
903
-27
szczuply23
0:33 Loom
12:35 Feudal Age
13:12 Double-Bit Axe
13:10 Horse Collar
13:37 Stone Mining
19:08 Castle Age
20:30 Heavy Plow
23:56 Stone Shaft Mining
27:14 Fletching
27:37 Bow Saw
29:14 Bodkin Arrow
35:11 Imperial Age
34:10 Scale Mail Armor
35:14 Onager
36:49 Crop Rotation
37:22 Two-Man Saw
Dzuk
5:25 Loom
10:22 Feudal Age
10:46 Horse Collar
10:52 Double-Bit Axe
18:40 Castle Age
18:31 Forging
18:22 Gold Mining
18:26 Stone Mining
19:34 Pikeman
20:52 Iron Casting
21:32 Heavy Plow
22:48 Bow Saw
22:28 Light Cavalry
24:31 Wheelbarrow
27:00 Hand Cart
26:31 Town Watch
31:24 Masonry
31:26 Fortified Wall
31:27 Scale Barding Armor
31:13 Fletching
31:38 Bloodlines
31:28 Husbandry
32:48 Gold Shaft Mining
32:46 Chain Barding Armor
33:11 Detinets
33:57 Murder Holes
34:05 Bodkin Arrow
34:56 Town Patrol
marzzzel1337
13:32 Feudal Age
15:29 Wheelbarrow
14:46 Double-Bit Axe
15:34 Gold Mining
20:23 Castle Age
20:55 Scale Barding Armor
21:01 Forging
21:21 Bow Saw
23:02 Chain Barding Armor
23:18 Iron Casting
23:17 Hand Cart
23:20 Husbandry
24:58 Gold Shaft Mining
25:39 Stone Mining
32:16 Town Watch
39:04 Imperial Age
40:42 Plate Barding Armor
Rasslord
0:29 Loom
12:51 Feudal Age
16:05 Man-at-Arms
19:02 Castle Age
18:08 Gold Mining
20:07 Wheelbarrow
19:42 Town Watch
22:30 Double-Bit Axe
27:02 Gold Shaft Mining
25:50 Pikeman
25:50 Long Swordsman
26:54 Bow Saw
30:01 Scale Barding Armor
29:57 Scale Mail Armor
29:57 Padded Archer Armor
29:49 Fletching
35:02 Imperial Age
35:15 Chain Mail Armor
35:15 Leather Archer Armor
35:21 Chain Barding Armor
37:51 Stone Mining
38:14 Bodkin Arrow
38:49 Ring Archer Armor
37:53 Two-Handed Swordsman
40:13 Ballistics
40:53 Chemistry
39:44 Champion
41:09 Halberdier
vanherenthals.remy
12:41 Feudal Age
17:34 Castle Age
15:15 Champi Runner
18:13 Champi Warrior
18:54 Squires
19:24 Scale Mail Armor
22:11 Horse Collar
22:22 Double-Bit Axe
27:39 Loom
33:03 Wheelbarrow
33:32 Arson
34:29 Forging
36:47 Iron Casting
37:30 Chain Mail Armor
alsteens.l
10:42 Feudal Age
12:24 Horse Collar
12:32 Double-Bit Axe
17:27 Castle Age
16:39 Stone Mining
16:41 Gold Mining
18:50 Bow Saw
19:11 Heavy Plow
21:39 Stone Shaft Mining
22:48 Wheelbarrow
21:58 Loom
22:53 Gold Shaft Mining
24:41 Squires
24:02 Pikeman
25:43 Hand Cart
25:42 Scale Mail Armor
26:21 Hamask
27:40 Thumb Ring
27:47 Fletching
40:35 Imperial Age
41:28 Imperial Age
42:36 Conscription
41:38 Northmen's Fury
41:42 Onager
42:12 Northmen's Fury
42:52 Northmen's Fury
43:40 Siege Onager
43:53 Elite Varangian Guard
44:21 Arson
44:27 Elite Jomsviking
TruePizza
10:36 Feudal Age
10:55 Feudal Age
15:31 Castle Age
13:45 Double-Bit Axe
17:09 Bow Saw
16:41 Horse Collar
22:42 Loom
23:38 Wheelbarrow
27:56 Ballistics
30:23 Imperial Age
27:31 Pikeman
28:18 Fletching
28:26 Treadmill Crane
30:22 Hand Cart
30:10 Bodkin Arrow
30:16 Padded Archer Armor
31:26 Conscription
31:31 Yeomen
30:32 Elite Longbowman
31:21 Bracer
33:57 Chemistry
33:08 Masonry
32:58 Murder Holes
33:44 Leather Archer Armor
34:34 Coinage
34:19 Guilds
38:59 Hoardings
45:03 Two-Man Saw
JJCalmon
11:41 Feudal Age
15:43 Castle Age
14:02 Double-Bit Axe
14:25 Horse Collar
17:00 Bow Saw
16:53 Heavy Plow
18:16 Gold Mining
19:49 Wheelbarrow
21:17 Hand Cart
28:17 Imperial Age
26:29 Stone Mining
28:38 Capped Ram
31:17 Conscription
30:20 Heavy Scorpion
31:37 Ballistics
32:18 Chemistry
35:06 Siege Ram
37:05 Double Crossbow
Connection lost

Rejoining the realm…

Still unreachable

The connection could not be restored.

Session expired

The server has moved on; the page needs a fresh start.